 Dungeon Crawl Stone Soup version 0.28-a0-1389-gc726bef33b (webtiles) character file.

Game seed: 653958158987299993

609 ryw the Skirmisher (level 6, -5/61 HPs)
             Began as a Demigod Fighter on Jan 3, 2022.
             Slain by a lemure (7 damage)
             ... led by Pikel
             ... on level 4 of the Dungeon.
             The game lasted 00:05:22 (5059 turns).

ryw the Skirmisher (Demigod Fighter)                Turns: 5059, Time: 00:05:22

Health: -5/61      AC:  7    Str: 25    XL:     6   Next: 99%
Magic:  8/8        EV:  9    Int: 10    God:
Gold:   204        SH:  4    Dex: 13    Spells: 5/5 levels left

rFire   . . .      SeeInvis .   a - +0 war axe
rCold   . . .      Faith    .   c - +0 buckler
rNeg    . . .      Spirit   .   b - +1 scale mail
rPois   .          Reflect  .   (no helmet)
rElec   .          Harm     .   (no cloak)
rCorr   .          Rampage  .   (no gloves)
Will    .....                   (no boots)
Stlth   ..........              (no amulet)
HPRegen 0.20/turn               (no ring)
MPRegen 0.11/turn               (no ring)

@: mighty
A: high mp 1, forlorn, divine attributes
a: no special abilities


You were on level 4 of the Dungeon.
You visited 2 branches of the dungeon, and saw 5 of its levels.

You collected 204 gold pieces.

Inventory:

Hand Weapons
 a - a +0 war axe (weapon)
Armour
 b - a +1 scale mail (worn)
 c - a +0 buckler (worn)
Jewellery
 g - a +6 ring of intelligence
Scrolls
 e - 2 scrolls of blinking
Potions
 d - a potion of might
 f - a potion of curing
 h - a potion of attraction


   Skills:
 + Level 7.6 Fighting
 - Level 1.7 Axes
 - Level 2.6 Armour
 - Level 2.6 Shields


You had 5 spell levels left.
You didn't know any spells.
Your spell library contained the following spells:

 Spells                   Type           Power      Damage    Failure   Level
 Static Discharge         Conj/Air       0%         N/A       85%         2
 Dispel Undead            Necr           0%         3d6       100%        4
 Sticky Flame             Conj/Fire      0%         2d3       100%        4


Dungeon Overview and Level Annotations

Branches:
Dungeon (4/15)             Temple (1/1) D:4

Annotations:
D:4 1 transporter, Pikel; fragbeetle's ghost, amateur TrBe


Innate Abilities, Weirdness & Mutations

You have an increased reservoir of magic. (+10% MP)
You shall have no god before yourself.
Your divine heritage dramatically boosts your attributes as you level up.


Message History

You barely miss Pikel.
Pikel hits you with a +1 whip of freezing.
Pikel freezes you.
A lemure comes into view.
Pikel barely misses you.
The lemure shouts!
You slash Pikel!
Pikel is moderately wounded.
Pikel hits you with a +1 whip of freezing.
Pikel freezes you.
Unknown command.
You feel very mighty all of a sudden. The lemure hits you but does no damage.
You block Pikel's attack.
You hit Pikel.
Pikel is moderately wounded.
You hit the lemure but do no damage. The lemure hits you but does no damage.
Pikel closely misses you. The lemure hits you! The lemure hits you.
Pikel hits you with a +1 whip of freezing!
Pikel freezes you.
You slash Pikel!
Pikel is heavily wounded.
You closely miss the lemure. You slash the lemure! The lemure hits you! x2
Pikel hits you with a +1 whip of freezing.
* * * LOW HITPOINT WARNING * * *
Pikel freezes you.
* * * LOW HITPOINT WARNING * * *
You slash Pikel!
Pikel is almost dead.
You hit the lemure. You barely miss the lemure.
The lemure hits you but does no damage. You block the lemure's attack.
Pikel hits you with a +1 whip of freezing!
* * * LOW HITPOINT WARNING * * *
Pikel freezes you.
* * * LOW HITPOINT WARNING * * *
The lemure barely misses you. You block the lemure's attack.
You barely miss Pikel.
Pikel is almost dead.
You hit the lemure. x2; Pikel drinks a potion.
Pikel is healed!
The lemure hits you but does no damage. The lemure hits you!
You die...

##...#####.......©......
##.###K.................. #.##
##.......###..###### #.#
#...##..# #.## #.##
##.#5##..###.##
#########.###..#..........#
..............#####..####.#
###.###.####.........####.##### #
#.# #.# #.##5@5##..........# #
#.###.# #....K....########.# #
#..##.# ##'#######.# ##'##
####.##.###...## #.# ##≈.≈##
...)....##.....## #.### ##≈≈§§≈#
##.#.####.......## #^#.###§≈.≈.≈≈
#....###.........###...##§≈.....≈
.......+.........'....##§§.§.≈...
#....###(........###.##≈≈§..≈.≈..


You could see Pikel and 2 lemures.

Vanquished Creatures
  Sigmund (D:4)
  A lemure (Temple)
  2 scorpions (D:4)
  A water moccasin skeleton (D:4)
  A howler monkey (D:3)
  A hound (D:4)
  2 iguanas (D:4)
  An orc wizard (D:3)
  4 gnolls (D:3)
  4 adders
  A howler monkey skeleton (D:3)
  A dart slug (D:1)
  2 orcs (D:3)
  6 endoplasms
  2 giant cockroaches (D:1)
  7 hobgoblins
  4 jackals (D:1)
  4 ball pythons
  3 bats (D:3)
  2 frilled lizards
  4 goblins
  9 kobolds
  5 rats
68 creatures vanquished.

Notes
Turn   | Place    | Note
-------+----------+-------------------------------------------
     0 | D:1      | ryw the Demigod Fighter began the quest for the Orb.
     0 | D:1      | Reached XP level 1. HP: 18/18 MP: 3/3
   161 | D:1      | Reached skill level 3 in Fighting
   521 | D:1      | Reached XP level 2. HP: 26/26 MP: 4/4
  1316 | D:1      | Reached XP level 3. HP: 33/33 MP: 5/5
  1654 | D:2      | Reached skill level 4 in Fighting
  2706 | D:3      | Reached XP level 4. HP: 36/41 MP: 6/6
  3105 | D:3      | Reached skill level 5 in Fighting
  3489 | D:3      | Reached XP level 5. HP: 27/48 MP: 7/7
  4034 | D:4      | Reached skill level 6 in Fighting
  4135 | D:4      | Reached XP level 6. HP: 29/58 MP: 8/8
  4381 | D:4      | HP: 1/58 [iguana (9)]
  4681 | D:4      | Found a transporter.
  4685 | D:4      | Noticed fragbeetle's ghost (amateur TrBe)
  4720 | D:4      | Reached skill level 7 in Fighting
  4760 | D:4      | Found a staircase to the Ecumenical Temple.
  4800 | D:4      | Noticed Sigmund
  4819 | D:4      | Killed Sigmund
  4948 | D:4      | Noticed Pikel
  4973 | Temple   | Entered the Ecumenical Temple
  5058 | D:4      | HP: 2/61 [Pikel (4)]
  5059 | D:4      | Slain by a lemure

Illustrated notes

Levels and vault maps discovered:
D:1:      matt_arrival_los_fun, layout_basic, chequers_serial_rivers_micro_e,
          minmay_tetromino_o4
D:2:      layout_basic, dreamdust_ecumenical_altar_angels_and_demons,
          grunt_decor_clamped, dk_vineyard_1
D:3:      layout_basic, mainiacjoe_overflow_boulevard, minivault_5,
          grunt_decor_resistance, amcnicky_mini_corridor_feature
D:4:      layout_loops_corners, mainiacjoe_overflow_tiny_flanked,
          minmay_temple_entry_butterflies, gammafunk_ghost_arena,
          kennysheep_diamond, uniq_sigmund, uniq_robin, uniq_pikel, uniq_ijyb
Temple:   dpeg_chambers_temple

Skill      XL: |  1  2  3  4  5  6 |
---------------+-------------------+-----
Fighting       | 3 4 5 6 7 |  7.6
Axes           | |  1.7
Armour         | |  2.6
Shields        | |  2.6

Action                   |  1- 3 |  4- 6 || total
-------------------------+-------+-------++-------
Melee: War axe           |   139 |   127 ||   266
  Use: Scroll            |     7 |     4 ||    11
       Potion            |       |     2 ||     2
Armor: Scale mail        |    64 |    56 ||   120
Dodge: Dodged            |    69 |    68 ||   137
Block: Buckler           |    41 |    46 ||    87

Table legend: (Time is in decaauts)
 A = Elapsed time spent in this place.
 B = Non-inter-level travel time spent in this place.
 C = Inter-level travel time spent in this place.
 D = Time resting spent in this place.
 E = Time spent auto-exploring this place.
 F = Levels seen in this place.
 G = Mean time per level.
                   A        B        C        D        E       F      G
               +--------+--------+--------+--------+--------+-----+--------+
         Total |   5178 |   5088 |     90 |    998 |   3343 |   5 | 1035.6 |
       Dungeon |   5098 |   5008 |     90 |    934 |   3343 |   4 | 1274.5 |
        Temple |     80 |     80 |      0 |     64 |      0 |   1 |   80.0 |
               +--------+--------+--------+--------+--------+-----+--------+

Top non-repeatable levels by time:
     D:3: 1701 daAuts
     D:1: 1572 daAuts
     D:4: 1033 daAuts
     D:2: 791 daAuts
  Temple: 80 daAuts
